AoeStats
← willrhyd

Lombardia

508673333Analyzed
3v3 RM · 9d ago on Sep 23, 2026· 40m 31s· 6 players
Game mode
Random Map
Map size
Normal (6 player)
Population
200
Speed
Normal
Resources
Standard
Victory
Conquest
Starting age
Dark Age
Ending age
Imperial Age
RankedLock teamsTeams togetherTeam positionsShared explorationLock speedFull tech treeHidden civsTurbo modeCheats
Victory
Defeat
🇨🇱 Khmer · Chile
1606
+11
🇲🇽 Mongols · Mexico
1533
+13
🇬🇧 Celts · United Kingdom
1352
+21
🇩🇪 Tatars · Germany
1529
-17
🇩🇪 Varangians · Germany
1477
-15
🇩🇪 Franks · Germany
1415
-13
P1nGp0nG
6:14 Loom
6:16 Loom
11:52 Feudal Age
18:51 Castle Age
17:53 Double-Bit Axe
19:52 Wheelbarrow
20:42 Husbandry
23:22 Forging
25:15 Scale Barding Armor
27:22 Chain Barding Armor
32:31 Hand Cart
34:24 Iron Casting
38:58 Imperial Age
39:01 Cavalier
teasit
8:39 Loom
11:10 Feudal Age
11:57 Double-Bit Axe
15:46 Castle Age
13:55 Horse Collar
15:27 Bloodlines
15:49 Gold Mining
16:14 Fletching
18:11 Bow Saw
18:52 Heavy Plow
23:08 Wheelbarrow
24:43 Ballistics
24:34 Bodkin Arrow
26:43 Padded Archer Armor
28:58 Hand Cart
33:31 Imperial Age
30:47 Town Watch
31:38 Leather Archer Armor
33:18 Stone Mining
33:13 Treadmill Crane
33:44 Masonry
34:15 Bracer
35:18 Chemistry
34:08 Heavy Cavalry Archer
35:47 Crop Rotation
35:23 Scale Mail Armor
35:54 Ring Archer Armor
37:51 Gold Shaft Mining
40:47 Conscription
roby *perixx
9:13 Feudal Age
8:52 Loom
14:33 Castle Age
12:45 Double-Bit Axe
14:58 Scale Mail Armor
21:55 Bow Saw
21:40 Horse Collar
22:39 Heavy Plow
23:59 Wheelbarrow
23:09 Town Watch
24:56 Gold Mining
24:58 Stone Mining
25:55 Hand Cart
27:17 Stone Shaft Mining
27:25 Squires
27:12 Gambesons
27:44 Chain Mail Armor
27:36 Town Patrol
30:05 Fletching
33:23 Imperial Age
31:05 Bodkin Arrow
32:47 Forging
32:24 Arson
34:10 Ballistics
34:27 Iron Casting
34:20 Fortified Wall
33:46 Elite Varangian Guard
35:44 Plate Mail Armor
36:15 Blast Furnace
34:50 Gothikon
36:59 Conscription
37:01 Bracer
37:14 Masonry
40:49 Chemistry
Manu
8:01 Feudal Age
8:50 Double-Bit Axe
10:07 Horse Collar
10:46 Loom
15:40 Wheelbarrow
18:42 Castle Age
16:51 Stone Mining
17:51 Gold Mining
20:17 Bow Saw
22:46 Heavy Plow
22:44 Fletching
24:03 Husbandry
26:26 Town Watch
27:36 Bodkin Arrow
29:48 Gold Shaft Mining
29:40 Hand Cart
30:28 Ballistics
35:00 Imperial Age
33:02 Masonry
32:53 Padded Archer Armor
33:35 Bloodlines
33:33 Thumb Ring
34:56 Stone Shaft Mining
35:08 Town Patrol
35:43 Bracer
36:44 Chemistry
36:05 Elite Mangudai
37:06 Conscription
37:38 Parthian Tactics
37:29 Leather Archer Armor
38:15 Hoardings
willrhyd
8:48 Loom
10:36 Feudal Age
11:37 Feudal Age
13:07 Double-Bit Axe
15:33 Castle Age
13:35 Horse Collar
17:18 Bow Saw
22:48 Wheelbarrow
27:47 Imperial Age
28:34 Ballistics
27:45 Pikeman
28:26 Scale Mail Armor
28:36 Forging
28:34 Heavy Plow
29:56 Chemistry
28:21 Halberdier
29:46 Chain Mail Armor
30:00 Hand Cart
31:24 Plate Mail Armor
31:29 Iron Casting
30:51 Town Watch
32:46 Capped Ram
32:49 Heavy Scorpion
33:49 Town Patrol
34:52 Blast Furnace
35:17 Siege Engineers
37:00 Conscription
38:04 Furor Celtica
39:18 Capped Ram
40:17 Fletching
QNA | Apachai Hopachai
4:41 Loom
7:27 Feudal Age
8:14 Double-Bit Axe
20:42 Castle Age
19:37 Forging
19:49 Horse Collar
21:27 Husbandry
21:38 Bloodlines
22:06 Scale Barding Armor
23:38 Iron Casting
26:35 Light Cavalry
29:30 Bow Saw
29:46 Heavy Plow
31:02 Gold Mining
32:04 Chain Barding Armor
37:37 Imperial Age
36:09 Fortified Wall
37:07 Wheelbarrow
36:25 Stone Mining
Connection lost

Rejoining the realm…

Still unreachable

The connection could not be restored.

Session expired

The server has moved on; the page needs a fresh start.